 Dungeon Crawl Stone Soup version 0.30-a0-125-g51eefa89be (webtiles) character file.

Game seed: 11722922878490026256

59 juncz the Chiller (level 3, 26/26 HPs)
             Began as a Draconian Ice Elementalist on Sept 18, 2022.
             Quit the game on level 2 of the Dungeon.
             The game lasted 00:04:44 (2414 turns).

juncz the Chiller (Draconian Ice Elementalist)      Turns: 2414, Time: 00:04:45

Health: 26/26      AC:  5    Str: 10    XL:     3   Next: 78%
Magic:  7/7        EV: 12    Int: 17    God:
Gold:   66         SH:  5    Dex: 11    Spells: 3/7 levels left

rFire   . . .      SeeInvis .    b - +0 hand axe
rCold   . . .      Faith    .    (no shield)
rNeg    . . .      Spirit   .    (body armour unavailable)
rPois   .          Reflect  +    (helmet restricted)
rElec   .          Harm     .    (no cloak)
rCorr   .          Rampage  .    (no gloves)
Will    .....                    (no boots)
Stlth   ++........               j - amulet of reflection
HPRegen 0.08/turn                (no ring)
MPRegen 0.10/turn                (no ring)

@: no status effects
A: AC +5, unfitting armour, cold-blooded
a: no special abilities


You were on level 2 of the Dungeon.
You visited 1 branch of the dungeon, and saw 2 of its levels.

You collected 66 gold pieces.

Inventory:

Hand Weapons
 b - a +0 hand axe (weapon)
Missiles
 i - 19 stones (quivered)
Jewellery
 j - an amulet of reflection (around neck)
Scrolls
 c - 2 scrolls of identify {unknown}
 e - a scroll of fog {unknown}
 g - a scroll of blinking {unknown}
 k - a scroll of vulnerability {unknown}
 l - 2 scrolls of fear {unknown}
 m - a scroll of summoning {unknown}
Potions
 a - a potion of magic
 d - a potion of curing {unknown}
 f - a potion of might {unknown}
 h - a potion of heal wounds {unknown}


   Skills:
 - Level 2.0 Dodging
 - Level 2.0 Stealth
 + Level 2.9 Spellcasting
 + Level 4.6 Ice Magic


You had 3 spell levels left.
You knew the following spells:

 Your Spells              Type           Power      Damage    Failure   Level
a - Freeze                Ice            72%        1d9       2%          1
b - Frozen Ramparts       Ice            36%        1d6       8%          3

Your spell library contained the following spells:

 Spells                   Type           Power      Damage    Failure   Level
 Ozocubu's Armour         Ice            18%        N/A       8%          3
 Hailstorm                Conj/Ice       10%        3d5       54%         4


Dungeon Overview and Level Annotations

Branches:
Dungeon (2/15)

Altars:


Innate Abilities, Weirdness & Mutations

Your plain brown scales are hard. (AC +5)
You cannot fit into any form of body armour.
You are cold-blooded and may be slowed by cold attacks.


Message History

A rat is nearby!
You barely miss the rat.
Your tail-slap misses the rat.
You block the rat's attack.
You closely miss the rat. You tail-slap the rat.
The rat is heavily wounded.
The rat closely misses you. The rat bites you but does no damage.
You hit the rat.
You kill the rat!
You see here a rat corpse.
Found a ring mail.
No target in view!
No target in view!
No target in view!
Found a short sword.
m - a scroll labelled GYIHONU XOAQEM You see here a +0 ring mail.
You see here a +0 short sword.
There is an open door here.
You open the door.
There is an open door here.
l - 2 scrolls labelled FEAZEG RIGE (gained 1)
You open the door.
There is an open door here.
There is an open door here.
There is an open door here.
There is an open door here.
You open the door.
There is an open door here.
You open the door.
There is an open door here.
There is an open door here.
There is an open door here.
There is an open door here.
There is an open door here.
Done exploring.
Done exploring.
(D) Dungeon
Where to? (Enter - D:2, ? - help)
Okay, then.
Are you sure you want to abandon this character and quit the game? (Confirm with "yes".)

....##.# #...##..# #..##..
....##.# #..###..###......
....##.# ########................
....##.# #................##.....
....+..# ########..#.#....######.
....##.# ##≈≈≈≈≈##.#.#....# #.
....##.# #≈≈§≈≈≈≈#.#.#...#######.
....'..# #≈≈≈≈≈≈≈#...............
....##.###≈≈§∩..@'...#.......###.
+#.......#≈≈≈§≈§§#...............
.#.###...#§§≈§§§≈#...............
.....#.####§§≈§§##.#.##..##..##..
.#.###.###########...........##..
.#.#...##..........#.##..#...##..
.#.#.#####.###.#........)........
.....#####.###.###...##..##...#.#
.......#.............##...#...#.#


There were no monsters in sight!

Vanquished Creatures
  An adder (D:2)
  2 dart slugs
  5 endoplasms
  2 giant cockroaches
  3 goblins
  4 hobgoblins (D:1)
  7 jackals (D:1)
  4 kobolds
  2 quokkas
  A ball python (D:1)
  4 bats
  2 frilled lizards (D:1)
  2 rats
39 creatures vanquished.

Notes
Turn   | Place    | Note
-------+----------+-------------------------------------------
     0 | D:1      | juncz the Draconian Ice Elementalist began the quest for
                  | the Orb.
     0 | D:1      | Reached XP level 1. HP: 14/14 MP: 3/3
   249 | D:1      | Reached XP level 2. HP: 20/20 MP: 1/5
   766 | D:1      | Reached XP level 3. HP: 26/26 MP: 6/6
  1393 | D:2      | Learned a level 3 spell: Frozen Ramparts
  2414 | D:2      | Quit the game

Illustrated notes

Levels and vault maps discovered:
D:1:      dpeg_arrival_arbitrary_b, layout_basic
D:2:      layout_basic, kennysheep_flooded_box

Skill      XL: |  1 |
---------------+----+-----
Stealth        | 2 |  2.0
Dodging        | 2 |  2.0
Spellcasting   | |  2.9
Ice Magic      | |  4.6

Action                   || total
-------------------------++-------
Melee: Unarmed           ||    17
       Hand axe          ||    34
       Tailslap          ||     5
 Cast: Freeze            ||    44
       Frozen Ramparts   ||     2
 Stab: Sleeping          ||     1
Armor: Skin              ||    33
Dodge: Dodged            ||    67
Block: Other             ||     1

Table legend: (Time is in decaauts)
 A = Elapsed time spent in this place.
 B = Non-inter-level travel time spent in this place.
 C = Inter-level travel time spent in this place.
 D = Time resting spent in this place.
 E = Time spent auto-exploring this place.
 F = Levels seen in this place.
 G = Mean time per level.
                   A        B        C        D        E       F      G
               +--------+--------+--------+--------+--------+-----+--------+
         Total |   2423 |   2386 |     37 |    605 |   1462 |   2 | 1211.5 |
       Dungeon |   2423 |   2386 |     37 |    605 |   1462 |   2 | 1211.5 |
               +--------+--------+--------+--------+--------+-----+--------+

Top non-repeatable levels by time:
     D:1: 1334 daAuts
     D:2: 1089 daAuts
